AoeStats
← Peppenwolf

Black Forest

507336555Analyzed
3v3 RM · 15d ago on Sep 17, 2026· 37m 16s· 6 players
Game mode
Random Map
Map size
Normal (6 player)
Population
200
Speed
Normal
Resources
Standard
Victory
Conquest
Starting age
Dark Age
Ending age
Imperial Age
RankedLock teamsTeams togetherTeam positionsShared explorationLock speedFull tech treeHidden civsTurbo modeCheats
Victory
Defeat
🇩🇪 Bohemians · Germany
1152
+10
🇩🇪 Poles · Germany
1059
+14
🇩🇪 Bulgarians · Germany
1012
+16
🇨🇭 Mongols · Switzerland
1075
-16
🇨🇭 Khmer · Switzerland
1004
-13
🇨🇭 Franks · Switzerland
948
-11
chris
11:42 Feudal Age
15:29 Castle Age
13:46 Double-Bit Axe
13:46 Horse Collar
14:36 Stone Mining
15:56 Loom
17:46 Bow Saw
22:34 Wheelbarrow
22:23 Heavy Plow
23:55 Stone Shaft Mining
24:16 Scale Barding Armor
24:22 Forging
24:09 Gold Mining
27:17 Hand Cart
26:48 Town Watch
28:12 Iron Casting
30:46 Chain Barding Armor
36:05 Imperial Age
33:21 Loom
38:07 Plate Barding Armor
38:32 Blast Furnace
37:55 Conscription
matzoder
11:59 Feudal Age
17:56 Castle Age
16:30 Double-Bit Axe
27:52 Wheelbarrow
35:54 Redemption
36:33 Fervor
37:04 Sanctity
x0xFedorx0x
10:52 Feudal Age
14:33 Castle Age
12:57 Double-Bit Axe
15:26 Bow Saw
20:32 Horse Collar
21:42 Wheelbarrow
21:22 Fervor
23:39 Hand Cart
25:52 Heavy Plow
29:42 Imperial Age
28:26 Chemistry
27:47 Ballistics
28:44 Pikeman
29:10 Treadmill Crane
30:13 Squires
30:01 Arson
29:43 Houfnice
30:42 Halberdier
32:41 Conscription
31:47 Elite Hussite Wagon
33:43 Two-Man Saw
34:49 Wagenburg Tactics
JiZi
0:28 Loom
17:06 Feudal Age
17:29 Horse Collar
17:42 Gold Mining
17:44 Stone Mining
20:08 Wheelbarrow
19:30 Double-Bit Axe
27:04 Castle Age
26:19 Scale Barding Armor
26:14 Padded Archer Armor
26:05 Fletching
28:06 Bloodlines
28:02 Husbandry
31:23 Hand Cart
WatchMyVillager
0:47 Loom
14:56 Feudal Age
15:22 Double-Bit Axe
15:18 Horse Collar
16:14 Gold Mining
23:03 Castle Age
Peppenwolf
0:53 Loom
14:43 Feudal Age
15:22 Stone Mining
15:27 Gold Mining
17:13 Double-Bit Axe
22:33 Castle Age
26:03 Wheelbarrow
25:54 Forging
25:49 Scale Barding Armor
28:55 Hand Cart
29:43 Gold Shaft Mining
29:22 Bow Saw
34:58 Imperial Age
31:53 Pikeman
33:36 Iron Casting
32:50 Town Watch
33:53 Scale Mail Armor
35:12 Chain Mail Armor
Connection lost

Rejoining the realm…

Still unreachable

The connection could not be restored.

Session expired

The server has moved on; the page needs a fresh start.